 Dungeon Crawl Stone Soup version 0.18.1-50-g88ac8fd (webtiles) character file.

848 Drunkenshrew the Magician (level 7, -4/59 HPs)
             Began as a Green Draconian Wizard on Oct 6, 2016.
             Slain by an orc warrior
             ... wielding a +0 glaive
              (26 damage)
             ... on level 6 of the Dungeon.
             The game lasted 00:29:51 (5616 turns).

Drunkenshrew the Magician (Green Draconian Wizard)  Turns: 5616, Time: 00:29:51

Health: -4/59      AC: 12    Str:  9    XL:     7   Next: 69%
Magic:  0/14       EV: 12    Int: 20    God:
Gold:   327        SH:  0    Dex: 10    Spells: 4 memorised, 7 levels left

rFire  . . .     SeeInvis .     t - +1 rapier (protect)
rCold  . . .     Gourm    .     (armour unavailable)
rNeg   . . .     Faith    .     (no shield)
rPois  +         Spirit   +     a - +0 hat
rElec  .         Dismiss  .     (no cloak)
rCorr  .         Reflect  .     (no gloves)
SustAt .         Harm     .     y - +0 pair of boots
MR     .....                    w - amulet of guardian spirit
Stlth  ++........               (no ring)
                                (no ring)

@: very slightly contaminated, not resistant to hostile enchantments, unstealthy
A: breathe noxious fumes, unfitting armour, poison resistance, cold-blooded, AC
+6
a: Breathe Noxious Fumes


You were on level 6 of the Dungeon.
You were hungry.

You visited 1 branch of the dungeon, and saw 6 of its levels.

You collected 327 gold pieces.

Inventory:

Hand Weapons
 m - a +4 falchion of slicing
 r - a +0 club
 t - a +1 rapier of protection (weapon)
Armour
 a - a +0 hat (worn)
 y - a +0 pair of boots (worn)
Jewellery
 w - an amulet of guardian spirit (around neck)
Scrolls
 h - 9 scrolls of teleportation
 o - a scroll of identify
 p - 3 scrolls of recharging
 v - a scroll of remove curse
Potions
 d - 2 potions of haste
 e - 3 potions of resistance
 f - 2 potions of magic {unknown}
 i - 3 potions of heal wounds
 j - 2 potions of flight {unknown}
 k - 6 potions of curing
 l - 3 potions of degeneration {unknown}
 n - 3 potions of lignification {unknown}
 s - a potion of ambrosia {unknown}
 x - a potion of might {unknown}
 z - a potion of cancellation {unknown}
 A - a potion of cure mutation {unknown}
Books
 b - a book of Minor Magic

   Spells                             Type                      Level
   a - Magic Dart                     Conjuration                  1
   b - Blink                          Translocation                2
   c - Call Imp                       Summoning                    2
   d - Repel Missiles                 Charms/Air                   2
   e - Slow                           Hexes                        2
   f - Conjure Flame                  Conjuration/Fire             3
   g - Mephitic Cloud                 Conjuration/Poison/Air       3
Comestibles
 c - 4 bread rations
 g - 2 beef jerkies
 u - a meat ration


   Skills:
 - Level 4.1 Fighting
 - Level 3.2 Short Blades
 - Level 2.0 Dodging
 - Level 2.0 Stealth
 - Level 5.0 Spellcasting
 + Level 2.2 Conjurations
 + Level 1.5 Charms
 - Level 4.0 Summonings
 - Level 1.0 Translocations


You had 7 spell levels left.
You knew the following spells:

 Your Spells              Type           Power        Failure   Level  Hunger
a - Blink                 Tloc           N/A          14%         2    None
b - Call Imp              Summ           ###.....     3%          2    None
c - Conjure Flame         Conj/Fire      #.......     24%         3    ##.....
d - Repel Missiles        Chrm/Air       #.....       14%         2    None


Dungeon Overview and Level Annotations

Branches:
Dungeon (6/15)
 Temple: D:4-7

Altars:
Dithmenos
Fedhas
Gozag
Pakellas
Qazlal
Vehumet
Xom
Zin
The Shining One

Annotations:
D:3 snus's ghost, novice OpFi


Innate Abilities, Weirdness & Mutations

You can breathe blasts of noxious fumes.
Your lurid green scales are hard (AC +6).
Your body does not fit into most forms of armour.
Your system is resistant to poisons.
You are cold-blooded and may be slowed by cold attacks.


Message History

A beastly little devil appears in a puff of flame.
The orc closely misses you.
The orc warrior hits you from afar with a glaive!
Casting: Call Imp
Confirm with . or Enter, or press ? or * to list all spells.
You miscast Call Imp.
You are very lightly contaminated with residual magic.
You feel a strange surge of energy! The orc closely misses you.
The orc warrior barely misses you.
Casting: Call Imp
Confirm with . or Enter, or press ? or * to list all spells.
A beastly little devil appears in a puff of flame.
Your crimson imp says, "I bow to your vassalage, O illustrious and god-like ban!"
The orc hits you but does no damage.
Your crimson imp blinks!
You hit the orc.
You kill the orc!
The orc warrior hits you from afar with a glaive!!
The orc warrior hits you with a glaive!!
You die...

#. .##. #..#.#
... #..#.# ...
#..#.# ..# #
##.5#.# #..#.##
#.....# ......#
#....5####.>...?.
#......@oo).....#
#.###<####...#.##
#%# #.## #.# o#
#.# # #.# #.. ###


You could see an orc warrior, an orc and 2 friendly crimson imps.

Vanquished Creatures
  A phantom (D:5)
  An orc priest (D:5)
  3 hounds
  A giant frog skeleton (D:4)
  Natasha (thrice) (D:3)
  5 orc wizards
  A worker ant (D:5)
  Robin (D:3)
  7 adders
  4 gnolls (D:5)
  A dart slug (D:1)
  17 orcs
  6 bats
  3 giant cockroaches
  14 goblins
  7 hobgoblins
  8 jackals
  9 kobolds
  2 quokkas
  A ball python skeleton (D:4)
  A giant gecko skeleton (D:4)
  5 giant newts
  A quokka skeleton (D:4)
  11 rats
113 creatures vanquished.

Vanquished Creatures (collateral kills)
  A centaur (D:5)
  A howler monkey (D:4)
  An orc wizard (D:3)
  6 gnolls (D:5)
  4 adders (D:2)
  3 worms (D:2)
  2 dart slugs (D:2)
  A giant gecko (D:3)
  13 orcs
  2 bats
  A giant cockroach (D:1)
  A goblin (D:3)
  A jackal (D:3)
  A kobold (D:2)
  A quokka (D:3)
  A giant newt (D:4)
40 creatures vanquished.

Grand Total: 153 creatures vanquished

Notes
Turn   | Place    | Note
--------------------------------------------------------------
     0 | D:1      | Drunkenshrew the Draconian Wizard began the quest for the Orb.
     0 | D:1      | Reached XP level 1. HP: 14/14 MP: 4/4
   227 | D:1      | Reached skill level 1 in Fighting
   237 | D:1      | Reached XP level 2. HP: 6/23 MP: 6/6
   502 | D:1      | Learned a level 2 spell: Call Imp
  1197 | D:2      | Reached XP level 3. HP: 14/29 MP: 2/7
  1806 | D:2      | Reached XP level 4. HP: 24/36 MP: 1/8
  2346 | D:2      | Found a shimmering altar of Xom.
  2347 | D:2      | Found a shadowy altar of Dithmenos.
  2348 | D:2      | Found an oddly glowing altar of Pakellas.
  2348 | D:2      | Found a blossoming altar of Fedhas.
  2350 | D:2      | Found a glowing silver altar of Zin.
  2350 | D:2      | Found a radiant altar of Vehumet.
  2820 | D:3      | Found a glowing golden altar of the Shining One.
  2905 | D:3      | Reached skill level 1 in Short Blades
  2905 | D:3      | Reached XP level 5. HP: 32/41 MP: 2/9
  2931 | D:3      | Noticed snus's ghost (novice OpFi)
  3000 | D:3      | Learned a level 3 spell: Conjure Flame
  3193 | D:3      | Noticed Natasha
  3214 | D:3      | Killed Natasha
  3231 | D:3      | Found a stormy altar of Qazlal.
  3361 | D:3      | Noticed Natasha
  3377 | D:3      | Killed Natasha
  3377 | D:3      | Reached XP level 6. HP: 38/50 MP: 4/10
  3446 | D:3      | Noticed Robin
  3480 | D:3      | Killed Robin
  3772 | D:3      | Noticed Natasha
  3780 | D:3      | Killed Natasha
  4580 | D:4      | Found an opulent altar of Gozag.
  4793 | D:5      | Entered Level 5 of the Dungeon
  4829 | D:5      | Reached skill level 4 in Spellcasting
  4829 | D:5      | Your scales start taking on a lurid green colour.
  4829 | D:5      | Reached XP level 7. HP: 53/59 MP: 11/13
  4829 | D:5      | Gained mutation: Your system is resistant to poisons. [Green Draconian growth]
  5249 | D:5      | Learned a level 2 spell: Blink
  5252 | D:5      | Learned a level 2 spell: Repel Missiles
  5289 | D:5      | Reached skill level 5 in Spellcasting
  5381 | D:5      | Found a blossoming altar of Fedhas.
  5469 | D:5      | Reached skill level 1 in Charms
  5616 | D:6      | Slain by an orc warrior

Skill      XL: |  1  2  3  4  5  6  7 |
---------------+----------------------+-----
Dodging        | 2 |  2.0
Fighting       | 1 2 4 |  4.1
Stealth        | 2 |  2.0
Summonings     | 2 4 |  4.0
Short Blades   | 1 3 |  3.2
Spellcasting   | 4 5 |  5.0
Charms         | 1 |  1.5
Conjurations   | 2 |  2.2
Translocations | |  1.0

Action                   |  1- 3 |  4- 6 |  7- 9 || total
-------------------------+-------+-------+-------++-------
Melee: Dagger            |   162 |       |       ||   162
       Tailslap          |    10 |    29 |     4 ||    43
       Rapier            |       |   335 |    82 ||   417
 Cast: Magic Dart        |     2 |       |       ||     2
       Call Imp          |    13 |    32 |    15 ||    60
       Blink             |       |       |     1 ||     1
 Abil: Breathe Noxious F |       |       |     1 ||     1
  Use: Scroll            |       |     9 |     1 ||    10
       Potion            |       |     1 |       ||     1
 Stab: Sleeping          |     4 |     3 |       ||     7
       Distracted        |       |     2 |       ||     2
       Confused          |       |       |     1 ||     1
  Eat: Chunk             |     3 |     9 |     2 ||    14
       Royal jelly       |       |     1 |       ||     1
       Fruit             |       |       |     2 ||     2
Armor: Skin              |    63 |   150 |    35 ||   248
Dodge: Dodged            |   132 |   231 |    65 ||   428
